 Dungeon Crawl Stone Soup version 0.28.0 (webtiles) character file.

Game seed: 8199286010177732051

207 SnakkuSnakku7 the Skirmisher (level 5, 0/42 (47) HPs)
             Began as a Palentonga Hedge Wizard on Feb 9, 2022.
             Slain by a wight (6 damage)
             ... on level 3 of the Dungeon.
             The game lasted 00:04:26 (2946 turns).

SnakkuSnakku7 the Skirmisher (PaWz)                 Turns: 2946, Time: 00:04:27

HP:   0/42 (47)     AC: 10    Str: 15    XL:     5   Next: 54%
MP:   9/9           EV:  4    Int: 15    God:
Gold: 168           SH:  0    Dex:  9    Spells: 9/10 levels left

rFire   . . .      SeeInvis +   a - +0 short sword (protect)
rCold   . . .      Faith    .   (no shield)
rNeg    . . .      Spirit   .   f - +0 chain mail
rPois   .          Reflect  .   c - +0 hat
rElec   .          Harm     .   (no cloak)
rCorr   .          Rampage  .   n - +2 pair of gloves
Will    +....                   (no barding)
Stlth   ..........              (no amulet)
HPRegen 0.14/turn               r - ring of willpower
MPRegen 0.11/turn               (no ring)

@: about to teleport, heavily drained
A: large, rugged brown scales 3, see invisible, deformed body, roll 1, armoured
tail
a: Rolling Charge


You were on level 3 of the Dungeon.
You visited 1 branch of the dungeon, and saw 4 of its levels.

You collected 168 gold pieces.

Inventory:

Hand Weapons
 a - a +0 short sword of protection (weapon)
 l - a +0 dagger
Armour
 b - a +0 robe
 c - a +0 hat (worn)
 f - a +0 chain mail (worn)
 n - a +2 pair of gloves (worn)
 q - a +0 ring mail
Jewellery
 r - a ring of willpower (left hand)
 t - an amulet of reflection
Scrolls
 d - a scroll of magic mapping
 g - a scroll of noise {unknown}
 k - a scroll of blinking {unknown}
 p - a scroll of teleportation
Potions
 e - a potion of invisibility
 i - a potion of degeneration {unknown}
 j - 2 potions of attraction {unknown}
 m - a potion of cancellation
 o - a potion of resistance
 s - a potion of lignification {unknown}
 u - a potion of mutation {unknown}


   Skills:
 + Level 5.4 Fighting
 - Level 1.5 Dodging
 - Level 1.2 Stealth
 - Level 3.0 Spellcasting
 - Level 0.8 Conjurations
 - Level 0.7 Summonings
 - Level 1.0 Translocations


You had 9 spell levels left.
You knew the following spells:

 Your Spells              Type           Power      Damage    Failure   Level
a - Magic Dart            Conj           16%        1d3       98%         1

Your spell library contained the following spells:

 Spells                   Type           Power      Damage    Failure   Level
 Slow                     Hex            8%         N/A       99%         1
 Blink                    Tloc           10%        N/A       99%         2
 Call Imp                 Summ           4%         N/A       99%         2
 Searing Ray              Conj           8%         2d4       99%         2
 Conjure Flame            Conj/Fire      3%         6-21      100%        3
 Mephitic Cloud           Conj/Pois/Air  3%         N/A       100%        3
 Fulminant Prism          Conj/Hex       1%         3d6       100%        4


Dungeon Overview and Level Annotations

Branches:
Dungeon (4/15)
 Temple: D:4-7

Altars:

Shops:
D:1 *

Annotations:
D:1 exclusion: gnoll


Innate Abilities, Weirdness & Mutations

You are completely covered in rugged brown scales. (AC +3, +7% HP)
You have supernaturally acute eyesight. (SInv)
Armour fits poorly on your strangely shaped body.
You can roll at nearby foes to attack.
You have a long armoured tail.


Message History

Things that are here:
a +0 short sword; an orc corpse
Things that are here:
a +0 short sword; an orc corpse Done exploring.
Done exploring.
(D) Dungeon
Where to? (Enter - D:3, ? - help)
There is a stone staircase leading up here.
You climb upwards.
The wight hits you with a +2 falchion.
You feel drained. The wight hits you with a +0 war axe!
The wight hits you with a +2 falchion!
You feel drained.
There is a stone staircase leading down here.
The wight barely misses you. The wight hits you with a +0 war axe!
There is a stone staircase leading down here.
A wight comes into view. It is wielding a +0 dagger.
A kobold comes into view. It is wielding a +0 dagger.
As you read the scroll labelled MAZEUSE RENO, it crumbles to dust.
You feel aware of your surroundings.
You sensed 1 shop/portal.
It was a scroll of magic mapping.
The wight hits you with a +0 war axe.
A wight comes into view. It is wielding a +0 spear.
As you read the scroll labelled WOABUMEDOPT, it crumbles to dust.
You feel strangely unstable.
It was a scroll of teleportation.
The wight hits you with a +0 war axe. The wight hits you with a +2 falchion!
* * * LOW HITPOINT WARNING * * *
You feel drained.
* * * LOW HITPOINT WARNING * * *
Unknown command.
You feel better. The wight hits you with a +0 dagger.
* * * LOW HITPOINT WARNING * * *
The wight barely misses you. The wight hits you but does no damage.
You feel better. The wight hits you with a +0 dagger.
* * * LOW HITPOINT WARNING * * *
The wight barely misses you. The wight hits you with a +2 falchion.
* * * LOW HITPOINT WARNING * * *
Okay, then.
Okay, then.
The wight hits you but does no damage. The wight hits you with a +0 war axe.
You die...

**** ****** ,,,** **********,,,,*
,,,,** *****,,,,,,,,,,**.*
,,,,,********,,,,,***********.##
,,,,,,,,,,,,,,***** *..#
,,,,,********** *#.#* ,,,,**
############.## ,,,**
#####!.............
,**############z@zKz###.........#
,,,#.......>...z##### #.........#
**,#..........### #..........
*,#..........# #........#.
*,############ ###.######. *,*
#.# ####. *,** ******** #.# #....
*,,* *,,,,,,* ##.# #.#.. **,***
*,,,,,,*#######..###.#.#


You could see 4 wights and a kobold.

Vanquished Creatures
  A bullfrog (D:4)
  A howler monkey (D:3)
  4 adders (D:4)
  3 worms
  2 dart slugs
  An orc (D:4)
  5 bats
  5 endoplasms
  A giant cockroach (D:2)
  7 goblins
  6 hobgoblins
  5 jackals
  2 quokkas
  3 ball pythons
  4 frilled lizards
  2 kobolds
  A quokka skeleton (D:4)
  2 rats
55 creatures vanquished.

Vanquished Creatures (others)
  2 plants (D:2)
  5 withered plants (D:3)
7 creatures vanquished.

Grand Total: 62 creatures vanquished

Notes
Turn   | Place    | Note
-------+----------+-------------------------------------------
     0 | D:1      | SnakkuSnakku7 the Palentonga Hedge Wizard began the quest
                  | for the Orb.
     0 | D:1      | Reached XP level 1. HP: 13/13 MP: 4/4
    27 | D:1      | Found a faded altar of an unknown god.
    88 | D:1      | Reached skill level 1 in Fighting
   338 | D:1      | Reached XP level 2. HP: 23/23 MP: 6/6
   428 | D:1      | Reached skill level 2 in Fighting
   664 | D:1      | Found Qukonil's General Store.
  1256 | D:2      | Reached XP level 3. HP: 25/29 MP: 7/7
  1508 | D:2      | Reached skill level 3 in Fighting
  2226 | D:3      | Reached XP level 4. HP: 32/39 MP: 8/8
  2227 | D:3      | Reached skill level 4 in Fighting
  2414 | D:4      | Noticed a bullfrog
  2426 | D:4      | Killed a bullfrog
  2427 | D:4      | Reached skill level 5 in Fighting
  2427 | D:4      | Reached XP level 5. HP: 38/47 MP: 9/9
  2943 | D:3      | HP: 2/42 [wight (4)]
  2946 | D:3      | Slain by a wight

Illustrated notes

Levels and vault maps discovered:
D:1:      dpeg_arrival_round_b, layout_rooms, serial_shops,
          nicolae_shop_competitors_out_of_business,
          hellmonk_ecumenical_altar_pennies_from_heaven
D:2:      layout_rooms, serial_forest, infiniplex_forest_end_3,
          infiniplex_forest_clump_curved, infiniplex_forest_end_3,
          infiniplex_forest_clump_diagonal, infiniplex_forest_end_double,
          infiniplex_forest_lined_ring, minmay_pentomino_t4
D:3:      layout_rooms, gammafunk_ghost_cemetery, serial_shops,
          nicolae_shop_trees
D:4:      layout_loops_ring, item_on_display_a

Skill      XL: |  1  2  3  4 |
---------------+-------------+-----
Fighting       | 1 2 3 5 |  5.4
Dodging        | |  1.5
Stealth        | |  1.2
Spellcasting   | |  3.0
Conjurations   | |  0.8
Summonings     | |  0.7
Translocations | |  1.0

Action                   |  1- 3 |  4- 6 || total
-------------------------+-------+-------++-------
Melee: Dagger            |   127 |       ||   127
       Tailslap          |    21 |    10 ||    31
       Punch             |     4 |       ||     4
       Short sword       |    47 |    83 ||   130
 Abil: Rolling Charge    |     1 |       ||     1
  Use: Scroll            |       |     8 ||     8
       Potion            |       |     2 ||     2
 Stab: Sleeping          |     2 |       ||     2
Armor: Robe              |    83 |     4 ||    87
       Chain mail        |       |    82 ||    82
Dodge: Dodged            |   111 |    32 ||   143
